Map: Acid Plant LE

Players

TRUE

  • Race: Zerg Zerg
  • Spawn Location: 5:00

uThermal - Winner!

  • Race: Terran Terran
  • Spawn Location: 11:00

Event: IEM Season 12 - Katowice

VOD

Have the link to the VOD?

Description

Time

  • Played on: March 1, 2018, 1:57 p.m.
  • Length: 16:32

All games in this series

Show
View Real Time Build Order
Export as new Build Order

TRUE Zerg 

Build Orders: Hatch First 

Get SALT Encoding   

  12  0:00  Drone  
  13  0:12  Overlord  
  13  0:16  Drone  
  14  0:30  Drone x2  
  14  0:33  Drone  
  17  0:51  Hatchery  
  17  0:54  Drone  
  17  1:09  Spawning Pool  
  17  1:10  Drone  
  17  1:12  Extractor  
  17  1:16  Drone  
  17  1:19  Drone  
  18  1:27  Drone  
  19  1:38  Overlord  
  19  1:55  Queen  
  19  1:56  Zergling x2  
  19  1:59  Zergling x2  
  23  2:02  Queen  
  23  2:05  Drone  
  26  2:10  Drone  
  26  2:14  Drone, Metabolic Boost  
  28  2:21  Drone  
  29  2:24  Drone  
  30  2:30  Spore Crawler  
  30  2:31  Drone  
  30  2:35  Queen  
  32  2:38  Drone  
  32  2:42  Drone  
  35  2:48  Evolution Chamber, Overlord  
  34  2:53  Drone  
  34  2:57  Drone  
  36  3:07  Drone x4  
  36  3:08  Drone  
  42  3:12  Drone  
  42  3:13  Drone x2  
  42  3:17  Zerg Melee Weapons Level 1  
  44  3:31  Hatchery  
  43  3:34  Baneling Nest  
  43  3:36  Drone  
  43  3:38  Overlord, Zergling x2  
  44  3:47  Overlord  
  44  3:56  Zergling x4  
  44  3:57  Zergling x12  
  52  4:06  Zergling x2  
  52  4:09  Zergling x2  
  54  4:10  Overlord  
  54  4:11  Zergling x4  
  56  4:17  Zergling x2  
  56  4:20  Zergling x2  
  58  4:30  Zergling x4  
  58  4:31  Zergling x4  
  61  4:46  Zergling x4  
  61  4:47  Zergling x6  
  61  4:50  Lair  
  61  4:51  Drone  
  61  4:52  Queen  
  67  4:54  Drone x2  
  67  4:56  Queen  
  73  5:00  Overlord  
  73  5:04  Overlord  
  73  5:10  Overlord  
  73  5:16  Baneling x10  
  73  5:18  Overlord  
  73  5:19  Drone x4  
  73  5:21  Drone  
  78  5:22  Drone x2  
  78  5:23  Drone  
  78  5:26  Drone x2  
  78  5:27  Drone x2  
  85  5:29  Drone x3  
  85  5:30  Drone  
  85  5:34  Drone  
  90  5:38  Drone  
  90  5:41  Drone  
  92  5:44  Drone  
  93  5:52  Evolution Chamber  
  93  5:53  Drone x5  
  97  5:59  Drone x4  
  97  6:03  Drone x3  
  104  6:04  Drone  
  86  6:19  Zergling x2  
  86  6:20  Zergling x12  
  86  6:25  Drone x2  
  89  6:26  Zerg Ground Armor Level 1  
  89  6:28  Zergling x6  
  89  6:31  Zergling x2  
  93  6:33  Zergling x2  
  93  6:35  Extractor  
  93  6:36  Extractor, Hatchery  
  93  6:38  Extractor  
  93  6:39  Drone  
  91  6:40  Drone, Extractor  
  91  6:42  Hatchery  
  91  6:43  Zergling x2  
  91  6:49  Zergling x2  
  91  6:51  Zergling x2  
  93  6:56  Zergling x4  
  93  6:58  Zergling x2  
  93  6:59  Zergling x2  
  93  7:00  Zergling x2  
  93  7:01  Overlord x3  
  98  7:03  Overlord  
  98  7:05  Overlord  
  98  7:07  Zerg Melee Weapons Level 2  
  98  7:09  Overlord  
  98  7:10  Zergling x2  
  98  7:11  Zergling x2  
  98  7:14  Zergling x2  
  98  7:19  Centrifical Hooks  
  98  7:20  Zergling x4  
  100  7:25  Queen  
  100  7:26  Zergling x2  
  100  7:27  Zergling x2  
  105  7:30  Zergling x6  
  105  7:32  Zergling x2  
  105  7:34  Zergling x2  
  105  7:36  Zergling x10  
  114  7:38  Zergling x2  
  114  7:41  Baneling x7  
  114  7:42  Zergling x2  
  116  7:48  Zergling x4  
  116  7:49  Zergling x2  
  117  7:52  Hatchery  
  117  7:57  Zergling x8  
  117  7:58  Zergling x2  
  122  7:59  Zergling x4  
  122  8:02  Zergling x2  
  123  8:09  Zergling x2  
  123  8:10  Hydralisk Den  
  123  8:12  Queen  
  122  8:15  Drone x3  
  125  8:20  Zergling x4  
  125  8:23  Zergling x2  
  125  8:25  Zerg Ground Armor Level 2  
  125  8:26  Zergling x8  
  125  8:27  Baneling x8, Zergling x6  
  131  8:31  Drone  
  131  8:32  Zergling x2  
  136  8:36  Zergling x2  
  136  8:38  Zergling x8  
  141  8:43  Zergling x2  
  141  8:44  Zergling x2  
  141  8:46  Zergling x2  
  143  8:49  Zergling x2  
  143  8:51  Grooved Spines  
  143  8:53  Drone x2  
  143  8:54  Infestation Pit  
  143  8:55  Drone x3  
  145  9:00  Drone x2  
  145  9:03  Baneling  
  145  9:04  Baneling x4  
  145  9:05  Zergling x8  
  145  9:09  Zergling x2  
  148  9:15  Overlord  
  143  9:18  Zergling x10  
  143  9:19  Zergling x2  
  143  9:21  Overlord  
  149  9:25  Overlord, Zergling x2  
  149  9:26  Overlord  
  149  9:29  Zerg Missile Weapons Level 1, Overlord  
  150  9:31  Overlord  
  150  9:32  Queen  
  150  9:35  Overlord  
  150  9:36  Zergling x4  
  150  9:37  Overlord  
  150  9:38  Overlord  
  154  9:39  Hydralisk  
  154  9:40  Hydralisk  
  154  9:43  Hydralisk  
  158  9:46  Hydralisk x2  
  158  9:48  Hydralisk x2  
  158  9:49  Hydralisk  
  158  9:50  Hydralisk x2  
  158  9:52  Extractor, Hydralisk  
  173  9:57  Hydralisk  
  175  10:00  Hydralisk x2  
  175  10:02  Zergling x8  
  175  10:03  Baneling, Zergling x4  
  175  10:04  Baneling x15  
  175  10:05  Zergling x8  
  175  10:06  Zergling x2  
  188  10:10  Zergling x2  
  188  10:11  Zergling x2  
  186  10:14  Zergling x2  
  186  10:16  Zergling x2  
  186  10:18  Zergling x2  
  186  10:20  Zergling x2  
  171  10:22  Zergling x2, Hatchery  
  171  10:24  Zergling x2  
  171  10:28  Hydralisk x2  
  173  10:29  Zergling x4  
  173  10:30  Hive, Hydralisk  
  173  10:32  Zergling x2  
  173  10:33  Muscular Augments  
  173  10:34  Zergling x6  
  179  10:37  Zergling x2  
  179  10:40  Zergling x2  
  181  10:43  Zergling x2  
  181  10:44  Zergling x2  
  183  10:53  Hatchery  
  183  10:55  Zergling x4  
  183  10:56  Zergling x2  
  181  10:57  Zergling x2  
  181  10:58  Baneling x11  
  181  11:01  Zergling x2  
  181  11:02  Zergling x6  
  181  11:03  Zergling x4  
  185  11:05  Zergling x2  
  185  11:09  Zergling x8  
  185  11:10  Zergling x2  
  185  11:11  Zergling x2  
  182  11:12  Zergling x2  
  182  11:14  Zergling x2  
  182  11:17  Zergling x2  
  182  11:22  Zergling x4  
  182  11:24  Zergling x2  
  176  11:26  Zergling x2  
  176  11:27  Zergling x2  
  176  11:32  Zergling x6  
  139  11:33  Zergling x2  
  139  11:34  Zergling x4  
  139  11:38  Zergling x4  
  139  11:45  Adrenal Glands  
  139  11:47  Viper x2  
  139  11:52  Baneling x8  
  144  11:57  Hatchery  
  143  12:03  Zergling x16  
  147  12:17  Drone x2  
  147  12:18  Zerg Ground Armor Level 3  
  149  12:23  Hydralisk x2  
  149  12:24  Zergling x2  
  149  12:25  Zergling x10  
  159  12:35  Zerg Melee Weapons Level 3  
  156  12:40  Zergling x14  
  156  12:41  Spore Crawler  
  156  12:42  Zergling x4  
  163  12:47  Zergling x4  
  163  12:49  Queen  
  167  12:51  Zergling x2  
  167  12:52  Zergling x2  
  167  12:55  Zergling x2  
  167  12:56  Zergling x2  
  167  12:57  Zergling x4  
  172  12:58  Zergling x2  
  172  13:02  Baneling x3  
  172  13:03  Baneling x8  
  172  13:08  Zergling x8  
  172  13:09  Zergling x2  
  175  13:12  Zergling x2  
  175  13:13  Zergling x2  
  175  13:15  Zergling x2  
  175  13:19  Zergling x2  
  174  13:24  Zergling x6  
  177  13:31  Zergling x14  
  177  13:33  Zergling x2  
  185  13:35  Zergling x6  
  185  13:40  Zergling x2  
  189  13:41  Baneling  
  189  13:42  Baneling x15  
  189  13:46  Zergling x2  
  178  13:49  Zergling x2  
  178  13:51  Zergling x4  
  178  13:52  Zergling x2, Hydralisk x2  
  178  13:54  Hydralisk  
  182  13:58  Zergling x2  
  182  13:59  Zergling x4  
  182  14:00  Zergling x2  
  182  14:01  Zergling x2  
  177  14:06  Zergling x4  
  171  14:12  Zergling x4  
  171  14:13  Zergling x2  
  171  14:15  Baneling x5  
  171  14:16  Baneling  
  161  14:17  Baneling  
  161  14:18  Baneling  
  161  14:19  Baneling  
  161  14:22  Zergling x2  
  160  14:25  Zergling x2  
  160  14:26  Zergling x2  
  160  14:28  Zergling x2  
  161  14:36  Drone x3  
  164  14:41  Zergling x2  
  164  14:42  Zergling x8  
  164  14:44  Zergling x2  
  167  14:53  Zergling x8  
  167  14:54  Zergling x2  
  167  14:56  Zergling x2  
  167  14:57  Baneling x2  
  171  15:04  Zergling x2  
  171  15:05  Zergling x2  
  145  15:07  Zergling x2  
  145  15:08  Zergling x2  
  145  15:10  Zergling x4  
  145  15:13  Zergling x2  
  134  15:15  Zergling x2  
  120  15:24  Zergling x6  
  120  15:25  Zergling x2  
  107  15:32  Zergling x6  
  107  15:34  Zergling x2  
  102  15:40  Zergling x2  
  93  15:44  Zergling x6  
  93  15:45  Zergling x2  
  93  16:04  Hatchery  
  93  16:08  Baneling x4  
  93  16:09  Baneling x3  
  93  16:10  Baneling  
  92  16:13  Zergling x2  
Show
View Real Time Build Order
Export as new Build Order

uThermal Terran - Winner!

Build Orders: Reaper Expand, Bio Tank 

Get SALT Encoding   

  12  0:01  SCV  
  13  0:13  SCV  
  14  0:17  Supply Depot  
  14  0:25  SCV  
  15  0:39  SCV  
  15  0:41  Barracks  
  16  0:44  Refinery  
  16  0:51  SCV  
  17  1:03  SCV  
  18  1:15  SCV  
  19  1:27  Reaper  
  19  1:28  Orbital Command  
  20  1:39  Command Center  
  20  1:47  Supply Depot  
  20  1:53  SCV  
  21  2:00  Marine  
  22  2:05  SCV  
  22  2:07  Factory  
  23  2:11  Refinery  
  23  2:17  SCV  
  23  2:22  Barracks Reactor  
  25  2:30  SCV  
  25  2:42  SCV  
  26  2:51  Orbital Command, Starport  
  26  2:54  SCV  
  27  3:02  Hellion x2  
  27  3:05  Barracks Tech Lab  
  31  3:06  SCV  
  31  3:08  Supply Depot  
  32  3:18  SCV x2  
  34  3:23  Hellion  
  34  3:24  Hellion  
  38  3:31  SCV x2  
  38  3:34  Banshee  
  43  3:44  SCV  
  43  3:45  SCV  
  45  3:52  Command Center  
  45  3:54  Barracks Tech Lab  
  45  3:57  SCV x2  
  45  4:00  Factory Reactor  
  47  4:05  Barracks  
  47  4:09  SCV x2  
  49  4:12  Marine  
  49  4:13  Supply Depot, Stimpack  
  50  4:21  SCV  
  50  4:23  SCV  
  52  4:24  Barracks  
  52  4:29  Starport Reactor  
  52  4:31  Supply Depot  
  52  4:32  Marine  
  52  4:33  SCV  
  52  4:35  SCV  
  55  4:44  Siege Tank  
  55  4:45  SCV  
  58  4:47  SCV  
  58  4:49  Engineering Bay  
  58  4:50  Marine  
  58  4:51  Engineering Bay  
  60  4:54  Marine x2, Refinery x2  
  60  4:57  SCV  
  63  5:01  SCV  
  63  5:05  Orbital Command  
  64  5:08  Marine  
  64  5:09  SCV  
  64  5:12  Marine x2  
  68  5:14  SCV  
  68  5:17  Terran Infantry Armor Level 1, Terran Infantry Weapons Level 1  
  68  5:21  Marine x2  
  71  5:23  SCV  
  71  5:26  Supply Depot, SCV, Marine  
  74  5:30  Marine  
  74  5:31  Orbital Command  
  74  5:33  Siege Tank  
  74  5:35  SCV  
  79  5:36  Medivac  
  79  5:41  SCV, Marine  
  79  5:42  Marine  
  84  5:46  Supply Depot  
  84  5:47  SCV, Marine x2  
  87  5:50  Medivac  
  87  5:53  SCV, Marine  
  91  5:59  SCV, Marine  
  91  6:00  Supply Depot  
  91  6:03  Supply Depot  
  93  6:07  SCV x2, Siege Tank, Marine x2  
  93  6:08  Medivac  
  85  6:13  Marine  
  75  6:19  Marine  
  75  6:20  Medivac  
  75  6:24  SCV, Marine  
  75  6:25  Marine x2  
  73  6:32  SCV x2  
  74  6:36  SCV  
  74  6:37  Armory  
  74  6:38  Marine  
  76  6:41  Marine  
  76  6:42  Combat Shields  
  76  6:44  SCV x2  
  79  6:48  SCV, Marine x2  
  79  6:52  Siege Tank  
  85  6:55  Marine  
  85  6:56  SCV  
  85  6:57  SCV, Marine  
  85  6:59  Marine  
  90  7:04  Supply Depot, SCV  
  90  7:06  Marine x2  
  93  7:13  Marine  
  93  7:14  Marine  
  95  7:16  SCV x2, Barracks  
  95  7:17  SCV, Marine, Barracks  
  99  7:24  Terran Infantry Armor Level 2  
  99  7:25  Terran Infantry Weapons Level 2  
  99  7:27  Terran Vehicle Weapons Level 1  
  99  7:28  SCV x2, Marine  
  99  7:29  Marine  
  103  7:32  Marine  
  103  7:33  Supply Depot  
  103  7:34  Marine x2  
  103  7:35  SCV  
  107  7:40  SCV, Factory  
  107  7:42  Refinery  
  107  7:44  Refinery  
  108  7:46  Marine  
  109  7:53  SCV  
  109  7:55  Supply Depot, Siege Tank, Marine x2  
  109  7:56  Medivac  
  117  8:00  SCV  
  117  8:03  Marine x2  
  121  8:05  SCV  
  121  8:07  Marine  
  121  8:11  Marine x2  
  124  8:13  Marine  
  124  8:15  Supply Depot  
  124  8:16  Supply Depot  
  124  8:17  SCV, Marine  
  125  8:21  Marine  
  125  8:23  SCV  
  125  8:24  Factory Tech Lab  
  125  8:25  Supply Depot, Marine, Medivac  
  125  8:26  Medivac  
  129  8:27  Siege Tank  
  129  8:28  Supply Depot  
  129  8:30  Marine  
  129  8:31  Barracks Reactor x2, Marine  
  129  8:33  Missile Turret, Supply Depot  
  133  8:34  Missile Turret  
  133  8:36  SCV, Marine  
  133  8:38  Supply Depot, Marine  
  136  8:42  Supply Depot, Marine  
  136  8:48  Marine  
  137  8:49  Marine  
  137  8:53  Siege Tank  
  137  8:54  Marine  
  137  8:55  Medivac  
  145  8:56  Marine  
  145  9:00  Marine, Medivac  
  148  9:06  Marine x2  
  148  9:07  Supply Depot, Marine x2  
  148  9:08  Marine  
  153  9:10  Marine  
  153  9:12  Marine  
  153  9:14  Command Center  
  153  9:16  Marine  
  147  9:18  Marine  
  147  9:19  Siege Tank  
  147  9:24  Marine x2  
  151  9:25  Marine, Medivac  
  151  9:27  Sensor Tower  
  151  9:28  Marine  
  151  9:30  Medivac  
  158  9:31  Siege Tank  
  158  9:35  Marine  
  158  9:36  Marine  
  163  9:40  Marine x2  
  163  9:42  Marine  
  163  9:45  Marine  
  166  9:48  Marine x3  
  166  9:51  Siege Tank  
  172  9:52  Marine  
  172  9:54  Marine  
  172  9:58  Marine x2  
  176  10:01  Marine  
  176  10:02  Medivac  
  176  10:03  Siege Tank, Marine  
  176  10:05  Marine  
  176  10:06  Marine x2  
  185  10:10  Marine  
  185  10:12  Marine  
  184  10:16  Marine x2  
  184  10:18  Medivac  
  184  10:19  Marine  
  184  10:21  Marine  
  185  10:23  Siege Tank, Marine x2  
  185  10:24  Marine  
  185  10:27  Planetary Fortress  
  185  10:28  Marine  
  191  10:29  Marine  
  191  10:34  Marine x2  
  195  10:37  Marine  
  195  10:38  Marine  
  195  10:41  Marine  
  198  10:45  Terran Infantry Armor Level 3, Terran Infantry Weapons Level 3  
  198  10:47  Marine x2  
  200  10:54  Marine  
  196  11:00  Marine x2  
  193  11:11  Marine  
  193  11:12  Marine  
  193  11:13  Siege Tank  
  188  11:26  Liberator x2  
  188  11:31  Marine x2  
  138  11:32  Marine  
  138  11:33  Marine x5  
  138  11:34  Marine  
  138  11:36  Factory Tech Lab  
  133  11:41  Barracks  
  133  11:42  Barracks x2  
  133  11:45  Siege Tank  
  138  11:49  Marine x2  
  138  11:50  Marine  
  138  11:51  Marine x5  
  138  11:52  Marine  
  144  11:56  Terran Vehicle Weapons Level 2  
  144  11:59  SCV x4  
  148  12:03  Command Center  
  148  12:05  Siege Tank  
  148  12:07  Marine x2  
  148  12:08  Marine x2  
  153  12:10  Marauder  
  153  12:11  SCV x3  
  153  12:15  Marine x2  
  159  12:18  Siege Tank, Marine  
  163  12:26  Medivac x2  
  166  12:31  Marine, Marauder  
  166  12:34  Marine  
  170  12:37  Siege Tank, Barracks Tech Lab x2  
  170  12:38  Barracks Tech Lab  
  170  12:39  Liberator  
  170  12:42  Marine x2  
  173  12:50  Siege Tank  
  176  12:53  Marauder  
  181  12:59  Marine  
  181  13:00  Marine  
  181  13:01  Medivac  
  181  13:04  Marine  
  186  13:07  Marine x3  
  186  13:08  Marine  
  186  13:09  Siege Tank, Marine x2  
  186  13:10  Concussive Shells, Marauder x2  
  199  13:14  Marine, Refinery x2  
  199  13:19  Planetary Fortress  
  197  13:24  Marine x2  
  197  13:26  Siege Tank  
  199  13:27  Marine  
  200  13:35  Liberator x2  
  192  13:49  Marine x2  
  192  13:50  Marine  
  192  13:51  Siege Tank  
  195  14:02  Marine x4  
  198  14:03  Marine  
  200  14:14  Marine  
  200  14:15  Marauder, Starport, Refinery x2  
  200  14:16  Starport  
  200  14:17  Command Center  
  200  14:24  Marine, Marauder  
  200  14:26  Marine  
  200  14:34  Terran Ship Weapons Level 1  
  200  14:37  Sensor Tower  
  200  14:38  Sensor Tower  
  200  14:52  Liberator x2  
  197  14:57  Marine, Marauder  
  199  15:05  Siege Tank  
  199  15:06  Marine x2  
  199  15:07  Medivac, Marauder  
  157  15:08  Marine, Medivac  
  157  15:09  Siege Tank, Marine x2, Marauder  
  153  15:20  Liberator  
  145  15:21  Liberator  
  145  15:26  Marine  
  145  15:27  Marine, Marauder  
  130  15:30  Marine x2  
  130  15:31  Marine x3, Marauder x2  
  127  15:35  Marine x2  
  127  15:38  Siege Tank  
  127  15:41  Siege Tank  
  131  15:44  Marine x2  
  131  15:46  Command Center  
  131  15:48  Marine x2, Marauder  
  137  15:52  Marauder  
  145  16:08  Marine x2, Marauder  
  145  16:10  Marine  
  153  16:13  Marine  

Tags
 
Add a new tag
Caveats
  • Supply blocks, unpowered buildings, or Contaminate may cause inaccurate times.
  • Supply counts are checked every 10 seconds.